[Event "Titled Tuesday Blitz August 08 Late 2023"]
[White "Ansh M Shah"]
[Black "Ferrufino, Boris"]
[WhiteFideId "25033379"]
[BlackFideId "3300170"]
[WhiteElo "2514"]
[BlackElo "2078"]
[Result "1-0"]
[Round "4"]
[TimeControl "180+1"]
[Date "2023.08.08"]
[WhiteClock "0:00:33"]
[BlackClock "0:00:04"]
[Board "104"]

1. d4 Nf6 2. c4 e6 3. g3 d5 4. Bg2 c6 5. Nf3 Bd6 6. O-O Nbd7 7. Nbd2 O-O 8. Qc2 Qe7 9. e4 dxe4 10. Nxe4 Nxe4 11. Qxe4 Nf6 12. Qe2 b6 13. Ne5 Bb7 14. Bxc6 Bxe5 15. Bxb7 Qxb7 16. dxe5 Nd7 17. Rd1 Rac8 18. b3 Rfd8 19. Bg5 Re8 20. Rd6 h6 21. Bf4 Nf8 22. Rad1 Qc7 23. Be3 Red8 24. Qd3 Re8 25. Qe4 Red8 26. Qd4 Rxd6 27. exd6 Qc6 28. b4 Nd7 29. c5 bxc5 30. bxc5 Qf3 31. Rc1 h5 32. Qa4 Qb7 33. c6 1-0


[Site "https://www.chess.com"]

[Event "Titled Tuesday Blitz August 08 Late 2023"]
[White "Sailer, Mike"]
[Black "Harshavardhan G B"]
[WhiteFideId "2012901"]
[BlackFideId "25059009"]
[WhiteElo "2198"]
[BlackElo "2831"]
[Result "0-1"]
[Round "4"]
[TimeControl "180+1"]
[Date "2023.08.08"]
[WhiteClock "0:00:15"]
[BlackClock "0:01:41"]
[Board "105"]

1. d4 d5 2. Nc3 Nf6 3. Bf4 c5 4. e4 Nxe4 5. Nxe4 dxe4 6. dxc5 Qa5+ 7. c3 Qxc5 8. Qa4+ Nc6 9. Qxe4 g6 10. Nf3 Bg7 11. Be2 Bf5 12. Qc4 Qxc4 13. Bxc4 O-O 14. O-O-O Rac8 15. Bd3 Bxd3 16. Rxd3 e5 17. Be3 e4 18. Rd7 exf3 19. Rxb7 fxg2 20. Rg1 a5 21. Rxg2 Nb4 22. Rb5 Rfd8 23. Rxa5 Nd3+ 24. Kb1 Ne1 25. Rg4 Rd1+ 26. Bc1 Bh6 27. f4 f5 28. Rh4 Bg7 29. Ra7 Rcd8 30. Rh3 Nd3 0-1


[Site "https://www.chess.com"]

[Event "Titled Tuesday Blitz August 08 Late 2023"]
[White "Hoang, Thi Bao Tram"]
[Black "Mazurkiewicz, Michal"]
[WhiteFideId "12401102"]
[BlackFideId "1124943"]
[WhiteElo "2675"]
[BlackElo "2402"]
[Result "1-0"]
[Round "4"]
[TimeControl "180+1"]
[Date "2023.08.08"]
[WhiteClock "0:01:38"]
[BlackClock "0:00:01"]
[Board "106"]

1. d4 Nf6 2. Nf3 g6 3. g3 Bg7 4. Bg2 O-O 5. O-O d6 6. a4 c5 7. c3 Nc6 8. dxc5 dxc5 9. Qxd8 Rxd8 10. Be3 b6 11. Ne5 Nxe5 12. Bxa8 Ba6 13. Bg2 Bxe2 14. Re1 Nf3+ 15. Bxf3 Bxf3 16. Nd2 Bc6 17. Nc4 Ng4 18. Bf4 Kf8 19. h3 Nf6 20. g4 Nd5 21. Bg3 Bh6 22. Ne5 Bb7 23. Rad1 Re8 24. Nd7+ Kg8 25. c4 Nf4 26. Nf6+ exf6 27. Rxe8+ Kg7 28. Kh2 Nd3 29. Rxd3 1-0


[Site "https://www.chess.com"]

[Event "Titled Tuesday Blitz August 08 Late 2023"]
[White "Salemgareev, Tagir"]
[Black "Romero Ruscalleda, Josep"]
[WhiteFideId "24199052"]
[BlackFideId "2231859"]
[WhiteElo "2661"]
[BlackElo "2394"]
[Result "0-1"]
[Round "4"]
[TimeControl "180+1"]
[Date "2023.08.08"]
[WhiteClock "0:00:00"]
[BlackClock "0:00:23"]
[Board "107"]

1. d4 g6 2. h4 c5 3. d5 h5 4. c4 d6 5. Nc3 Nf6 6. e4 Bg7 7. g3 Nbd7 8. Bh3 Ne5 9. Bxc8 Qxc8 10. Qe2 Qg4 11. b3 a6 12. a4 O-O 13. Bd2 Nfd7 14. Qxg4 hxg4 15. Ke2 f5 16. Re1 fxe4 17. Nxe4 Rf5 18. Bf4 b5 19. axb5 axb5 20. cxb5 Ra2+ 21. Nd2 Nb6 22. f3 Nxd5 23. fxg4 Nxf4+ 24. gxf4 Rxf4 25. Ke3 Rxg4 26. Ne2 Bh6+ 27. Kf2 Rxd2 28. Rhg1 Rxh4 29. Kf1 Nf3 30. b6 Rb2 0-1


[Site "https://www.chess.com"]

[Event "Titled Tuesday Blitz August 08 Late 2023"]
[White "Rosen, Eric"]
[Black "Zenin, Dmitry"]
[WhiteFideId "2032562"]
[BlackFideId "4127897"]
[WhiteElo "2613"]
[BlackElo "2392"]
[Result "1-0"]
[Round "4"]
[TimeControl "180+1"]
[Date "2023.08.08"]
[WhiteClock "0:00:27"]
[BlackClock "0:00:00"]
[Board "108"]

1. e4 e5 2. Nf3 Nc6 3. c3 Nf6 4. d4 exd4 5. e5 Nd5 6. Qb3 Nb6 7. cxd4 d6 8. Bb5 a6 9. Bxc6+ bxc6 10. Ng5 Qd7 11. O-O h6 12. Nf3 Be7 13. Nc3 O-O 14. Bf4 Qe6 15. Qc2 Nd5 16. Bg3 Qf5 17. Qd2 Be6 18. Rac1 Rfd8 19. Rfe1 Rab8 20. Ne4 Rb6 21. b3 Bf8 22. h3 Qh5 23. Qe2 a5 24. Rc2 Nb4 25. Rd2 Bd5 26. Nc3 Bxf3 27. Qxf3 Qxf3 28. gxf3 Re8 29. Na4 Rb5 30. Rc1 dxe5 31. dxe5 Be7 32. Rd7 Kf8 33. Rxc7 Nxa2 34. R1xc6 Rxb3 35. Ra6 Nb4 36. Raa7 Nd5 37. Rd7 1-0


[Site "https://www.chess.com"]

[Event "Titled Tuesday Blitz August 08 Late 2023"]
[White "Gajwa Ankit"]
[Black "Erzhanov, Arman"]
[WhiteFideId "5077834"]
[BlackFideId "4138821"]
[WhiteElo "2385"]
[BlackElo "2612"]
[Result "1/2-1/2"]
[Round "4"]
[TimeControl "180+1"]
[Date "2023.08.08"]
[WhiteClock "0:00:09"]
[BlackClock "0:00:05"]
[Board "109"]

1. e4 d6 2. d4 Nf6 3. Nc3 c6 4. f4 d5 5. e5 Ng8 6. Nf3 h5 7. Bd3 Nh6 8. O-O g6 9. Nh4 Bg4 10. Qe1 e6 11. Nd1 Be7 12. Nf3 Bf5 13. Ne3 Bxd3 14. cxd3 Nd7 15. Bd2 Qb6 16. Ba5 Qa6 17. Bb4 Bxb4 18. Qxb4 O-O-O 19. Rfc1 Kb8 20. Qd2 Rc8 21. b4 Ng4 22. Nd1 Qb6 23. a4 Qd8 24. Rab1 Nh6 25. Nc3 Nf5 26. b5 c5 27. dxc5 Rxc5 28. Ne2 Qb6 29. Rxc5 Qxc5+ 30. d4 Qa3 31. Rc1 Nb6 32. Qc3 Qxc3 33. Rxc3 Nxa4 34. Ra3 Nb6 35. Ng5 Rf8 36. Nh7 Rc8 37. Rc3 Rxc3 38. Nxc3 Kc7 39. Ng5 Nh6 40. Kf2 Kd7 41. Ke3 Ke7 42. h3 Nf5+ 43. Kd3 h4 44. Nd1 Nc4 45. Nf2 Na3 46. b6 axb6 47. Nd1 b5 48. Ne3 Nxe3 49. Kxe3 b4 50. Kd3 b5 51. Nf3 Nc4 52. Nxh4 b3 53. Kc3 b2 54. Kc2 b4 55. Nf3 Kd7 56. g4 Ke7 57. h4 Kf8 58. Kb1 b3 59. Ne1 Kg7 60. Nd3 Kh6 61. Nxb2 Ne3 62. Nd3 Nxg4 63. Kb2 Ne3 64. Kxb3 Nf5 65. Nc5 Nxd4+ 66. Kc3 Ne2+ 67. Kd2 Nxf4 68. Ke3 Ng2+ 69. Kf3 Nxh4+ 70. Kg4 Nf5 71. Nd7 Kg7 72. Nf6 Nd4 73. Kf4 Nc6 74. Ng4 Ne7 75. Ne3 Ng8 76. Ng4 Nh6 77. Nf6 Nf5 78. Ne8+ Kf8 79. Nf6 Ne7 80. Nd7+ Kg7 81. Nf6 Nc6 82. Ne8+ Kh6 83. Nd6 Kg7 84. Ne8+ Kf8 85. Nf6 Nd8 86. Nh7+ Ke7 87. Nf6 Nb7 88. Ng8+ Kf8 89. Nf6 Nc5 90. Nh7+ Ke7 91. Nf6 Nd7 92. Ng8+ Kf8 93. Nh6 Kg7 94. Ng4 f6 95. exf6+ Nxf6 96. Ne5 Nh7 97. Nf3 Kf6 98. Ke3 e5 99. Nd2 Kf5 100. Nf3 Nf6 101. Nh4+ Kg5 102. Nf3+ Kf5 103. Nh4+ Ke6 104. Nxg6 Ng4+ 105. Kf3 Nh6 106. Nh4 Nf7 107. Ke3 Nd6 108. Ng6 Kf5 109. Ne7+ Ke6 110. Nc6 d4+ 111. Nxd4+ Kd5 112. Nf3 Nf5+ 113. Ke2 e4 114. Ng5 e3 115. Nh3 Ke4 116. Ng5+ Kd4 117. Ne6+ Ke5 118. Ng5 Kd5 119. Nh3 Ke5 120. Ng5 Kf4 121. Ne6+ Ke5 122. Nc5 Kd5 123. Nd7 Kd4 124. Nf6 Ng3+ 125. Kf3 e2 126. Kf2 Kd3 127. Ke1 Nf5 128. Nd5 Nd4 129. Nf4+ Ke3 130. Nxe2 1/2-1/2


[Site "https://www.chess.com"]

[Event "Titled Tuesday Blitz August 08 Late 2023"]
[White "Sari, Yasin"]
[Black "Ozates, Tuna"]
[WhiteFideId "6320902"]
[BlackFideId "6354521"]
[WhiteElo "2382"]
[BlackElo "2606"]
[Result "0-1"]
[Round "4"]
[TimeControl "180+1"]
[Date "2023.08.08"]
[WhiteClock "0:00:00"]
[BlackClock "0:00:45"]
[Board "110"]

1. e4 c5 2. Nf3 Nc6 3. Bb5 e6 4. Bxc6 bxc6 5. d3 d6 6. e5 d5 7. O-O Ne7 8. Re1 Nf5 9. b3 Be7 10. Nbd2 h5 11. Nf1 g5 12. Ne3 g4 13. Nxf5 exf5 14. Nd2 h4 15. Nf1 Be6 16. Bf4 d4 17. Nd2 Qd5 18. Qe2 h3 19. Qf1 hxg2 20. Qe2 Kd7 21. c4 dxc3 22. Nc4 Rag8 23. Rad1 Bg5 24. Qe3 Rxh2 25. Bxh2 Bxe3 26. Rxe3 Rh8 0-1


[Site "https://www.chess.com"]

[Event "Titled Tuesday Blitz August 08 Late 2023"]
[White "Chen, Max"]
[Black "Beulen, Marcel"]
[WhiteFideId "2622440"]
[BlackFideId "1001450"]
[WhiteElo "2584"]
[BlackElo "2382"]
[Result "1-0"]
[Round "4"]
[TimeControl "180+1"]
[Date "2023.08.08"]
[WhiteClock "0:00:03"]
[BlackClock "0:00:00"]
[Board "111"]

1. b3 d5 2. Bb2 Nf6 3. Nf3 c6 4. c4 Bf5 5. e3 e6 6. Be2 Nbd7 7. O-O Be7 8. d3 h6 9. Re1 O-O 10. Bf1 Re8 11. Nbd2 Bh7 12. e4 dxe4 13. dxe4 Bc5 14. h3 e5 15. Qc2 a5 16. Rad1 Qe7 17. Nb1 Rad8 18. Rd2 Bb6 19. g3 Bc7 20. Bg2 Nc5 21. Nc3 Rxd2 22. Nxd2 Ne6 23. Nf3 Rd8 24. Qc1 Nd4 25. Nd2 Bb6 26. Na4 Ba7 27. Ba3 Qe6 28. c5 Bb8 29. Nc4 Bc7 30. Qc3 Bg6 31. Nxa5 Qc8 32. Nc4 Bh5 33. g4 Bg6 34. Bb2 Qe6 35. Nab6 h5 36. g5 Nh7 37. h4 f6 38. Bh3 Qe7 39. gxf6 Nxf6 40. Nd2 Ng4 41. Bxg4 hxg4 42. Qg3 Qe6 43. Kg2 1-0


[Site "https://www.chess.com"]

[Event "Titled Tuesday Blitz August 08 Late 2023"]
[White "Vlassov, Nikolai"]
[Black "kiwibobo"]
[WhiteFideId "4103360"]
[WhiteElo "2583"]
[BlackElo "2381"]
[Result "1/2-1/2"]
[Round "4"]
[TimeControl "180+1"]
[Date "2023.08.08"]
[WhiteClock "0:00:20"]
[BlackClock "0:00:44"]
[Board "112"]

1. e4 e5 2. Bc4 Nf6 3. d3 Nc6 4. Nf3 Bc5 5. Bg5 h6 6. Bh4 g5 7. Bg3 d6 8. Nc3 Nh5 9. Nd2 Nxg3 10. hxg3 Qf6 11. Nf3 Be6 12. Qd2 O-O-O 13. Nd5 Bxd5 14. Bxd5 Nd4 15. Nxd4 Bxd4 16. c3 Bb6 17. Rf1 c6 18. Bb3 d5 19. exd5 cxd5 20. O-O-O Kb8 21. f4 Rhe8 22. fxg5 Qxg5 23. Qxg5 hxg5 24. Rxf7 Rf8 25. Rdf1 Rxf7 26. Rxf7 Bc5 27. Kd1 Rf8 28. Rxf8+ Bxf8 29. Bxd5 Kc7 30. Ke2 b6 31. Kf3 Kd6 32. Bc4 a5 33. Kg4 Be7 34. Kf5 Bd8 35. g4 Be7 36. Bg8 Bd8 37. Kg6 Be7 38. Kf7 Bd8 39. Ke8 Bf6 40. Bb3 Be7 41. Kf7 Bd8 42. Bc4 Be7 43. Kg6 Bd8 44. Kf5 Be7 45. Ke4 Bf6 46. Bf7 Be7 47. Bg6 Bf6 48. Bf5 Be7 49. a4 Bf6 50. d4 exd4 51. cxd4 Be7 52. b3 Bf6 53. Kd3 Kd5 54. Be4+ Kd6 55. Kc4 Be7 56. Kb5 Kc7 57. d5 Bd6 58. Bd3 Bc5 59. Bf5 Bd6 60. Bg6 Bc5 61. Be8 Bd6 62. Bc6 Bc5 63. Kc4 Bd6 64. Kd3 Be7 65. Ke4 Kd6 66. Kf5 Bd8 67. Kg6 Be7 68. Kf7 Bd8 69. Ke8 Be7 70. Ba8 Bf6 71. Kf7 Be7 72. Ke8 Bf6 73. Bb7 Be7 74. Ba6 Bf6 75. Bc4 Be7 76. Bd3 Bf6 77. Be4 Be7 78. Kf7 Bd8 79. Bf3 Be7 80. Kg6 Bd8 81. Kf5 Be7 82. Ke4 Bd8 83. Kd4 Be7 84. Kc4 Kc7 85. Kb5 Bc5 86. Kc4 Bd6 87. Be4 Be7 88. Bf5 Bc5 89. Be6 Be7 90. Kd4 Kd6 91. Kc4 Kc7 1/2-1/2


[Site "https://www.chess.com"]

[Event "Titled Tuesday Blitz August 08 Late 2023"]
[White "Attacker_2006"]
[Black "Eggleston, Thomas A"]
[BlackFideId "412139"]
[WhiteElo "2556"]
[BlackElo "2378"]
[Result "1-0"]
[Round "4"]
[TimeControl "180+1"]
[Date "2023.08.08"]
[WhiteClock "0:02:02"]
[BlackClock "0:00:09"]
[Board "114"]

1. e4 e6 2. d4 d5 3. Nd2 c5 4. exd5 Qxd5 5. Ngf3 cxd4 6. Bc4 Qd6 7. Nb3 Qb4+ 8. Nbd2 Nc6 9. O-O Nf6 10. a3 Qd6 11. Nb3 Be7 12. Nbxd4 Nxd4 13. Qxd4 Qxd4 14. Nxd4 O-O 15. Bf4 a6 16. Be2 Nd5 17. Bg3 Bf6 18. c3 b6 19. Nc6 Bb7 20. Ne5 Rfd8 21. Bf3 b5 22. Rfd1 Rac8 23. Rd2 Ba8 24. Rad1 g6 25. Nd3 Ne7 26. Bxa8 Rxa8 27. Nc5 Rxd2 28. Rxd2 Nd5 29. h4 Kg7 30. h5 gxh5 31. Ne4 Be7 32. Be5+ f6 33. Bg3 f5 34. Be5+ Kf7 35. Nd6+ Kg6 36. Rd3 h4 37. g3 Rd8 38. Nb7 Rd7 39. Na5 h3 40. Nc6 Bf6 41. Kh2 Rg7 42. Kxh3 Bxe5 43. Nxe5+ Kf6 44. f4 h5 45. Kh4 Rh7 46. b3 Rh6 47. c4 bxc4 48. bxc4 Ne7 49. Nf3 Rg6 50. Kh3 Rg4 51. Ne5 Rg7 52. c5 Ng6 53. Nd7+ Ke7 54. c6 Kd8 55. Nc5+ Kc8 56. Nxe6 Re7 57. Rd8# 1-0


[Site "https://www.chess.com"]

[Event "Titled Tuesday Blitz August 08 Late 2023"]
[White "Davidson, Kevin"]
[Black "Przybylski, Wojciech"]
[WhiteFideId "2056810"]
[BlackFideId "1117599"]
[WhiteElo "2378"]
[BlackElo "2554"]
[Result "0-1"]
[Round "4"]
[TimeControl "180+1"]
[Date "2023.08.08"]
[WhiteClock "0:00:00"]
[BlackClock "0:01:08"]
[Board "115"]

1. e4 c5 2. Nf3 e6 3. d4 cxd4 4. Nxd4 Nc6 5. Nc3 Qc7 6. g3 h5 7. h3 h4 8. g4 Bc5 9. Nb3 Bxf2+ 10. Kxf2 Qg3+ 11. Ke2 Ne5 12. Nd4 b6 13. Be3 Ba6+ 14. Kd2 Bxf1 15. Qxf1 Rc8 16. Rg1 Qh2+ 17. Kc1 Ng6 18. Qa6 N8e7 19. Qe2 Qxh3 20. a4 Ne5 21. Qg2 Qxe3+ 22. Kb1 Qxd4 0-1


[Site "https://www.chess.com"]

[Event "Titled Tuesday Blitz August 08 Late 2023"]
[White "Necromon"]
[Black "Slaby, Jerzy"]
[BlackFideId "1121405"]
[WhiteElo "2371"]
[BlackElo "2549"]
[Result "1-0"]
[Round "4"]
[TimeControl "180+1"]
[Date "2023.08.08"]
[WhiteClock "0:00:15"]
[BlackClock "0:00:22"]
[Board "116"]

1. Nf3 c5 2. g3 Nc6 3. c4 g6 4. Bg2 Bg7 5. O-O d6 6. Nc3 Nh6 7. d3 O-O 8. Bd2 Nf5 9. a3 Rb8 10. b4 b6 11. bxc5 dxc5 12. Rb1 Bb7 13. Qa4 Qd7 14. Nd1 Rfd8 15. Kh1 Ncd4 16. Qxd7 Rxd7 17. Nxd4 Nxd4 18. Bxb7 Rbxb7 19. Nc3 e6 20. Kg2 f5 21. f3 Nc2 22. Rb3 Nd4 23. Rbb1 Kf7 24. a4 h5 25. Kf2 Bf6 26. Nb5 g5 27. a5 bxa5 28. Nd6+ Rxd6 29. Rxb7+ Kg6 30. Rxa7 Nb3 31. Bxa5 g4 32. Rb1 Nd4 33. Rb6 Rd8 34. e3 Nxf3 35. Rxe6 Rxd3 36. Raa6 Ra3 37. Rxf6+ Kg7 38. Bc7 Rc3 39. Ke2 Rc2+ 40. Kd1 Rxh2 41. Bf4 h4 42. gxh4 Rxh4 43. Rfb6 Rh1+ 44. Kc2 Ne1+ 45. Kb3 Nd3 46. Rb7+ 1-0


[Site "https://www.chess.com"]

[Event "Titled Tuesday Blitz August 08 Late 2023"]
[White "Dwilewicz, Katarzyna"]
[Black "Goncalves, Davi Sulzbacher"]
[WhiteFideId "1148486"]
[BlackFideId "2154510"]
[WhiteElo "2370"]
[BlackElo "2509"]
[Result "1-0"]
[Round "4"]
[TimeControl "180+1"]
[Date "2023.08.08"]
[WhiteClock "0:00:04"]
[BlackClock "0:00:11"]
[Board "117"]

1. e4 c5 2. Nf3 Nc6 3. d4 cxd4 4. Nxd4 Nf6 5. Nc3 e5 6. Ndb5 d6 7. Nd5 Nxd5 8. exd5 Nb8 9. c4 Be7 10. g3 O-O 11. Bg2 f5 12. O-O Nd7 13. b3 a6 14. Nc3 Bf6 15. Bb2 e4 16. Na4 Ne5 17. Bxe5 Bxe5 18. Rc1 b5 19. Nc3 Qa5 20. Qc2 Bd7 21. f4 Bd4+ 22. Kh1 Rfc8 23. Ne2 Be3 24. Qc3 Qxc3 25. Rxc3 Bd2 26. Rc2 Bb4 27. Nd4 bxc4 28. Rxc4 Rxc4 29. bxc4 Rc8 30. Rc1 Ba3 31. Rc2 Ba4 32. Nb3 Rb8 33. Rc3 Bb4 34. Re3 Kf7 35. Bf1 a5 36. Kg2 Kf6 37. Be2 h6 38. h4 g5 39. fxg5+ hxg5 40. hxg5+ Kxg5 41. Bd1 Kf6 42. g4 Bxb3 43. axb3 Bc5 44. Re1 Rg8 45. Kf1 fxg4 46. Rxe4 g3 47. Kg2 Kf5 48. Re7 Kf4 49. Bc2 Bd4 50. Re4+ Kf5 51. Rxd4+ Kf6 52. Rf4+ Ke5 53. Re4+ Kf6 54. Re6+ Kf7 55. Rxd6 Re8 56. Kxg3 Re2 57. Bg6+ Ke7 58. Re6+ Rxe6 59. dxe6 Kxe6 60. Kf4 Kd6 61. Ke3 Kc5 62. Kd3 Kb4 63. Kd4 Kxb3 64. c5 a4 65. c6 a3 66. Bf7+ Kb4 67. c7 a2 68. Bxa2 Ka3 69. c8=Q Kb2 70. Qb7+ Ka1 71. Qb1# 1-0


[Site "https://www.chess.com"]

[Event "Titled Tuesday Blitz August 08 Late 2023"]
[White "Gatterer, Florian"]
[Black "Koc, Przemyslaw"]
[WhiteFideId "811688"]
[BlackFideId "1109081"]
[WhiteElo "2370"]
[BlackElo "2504"]
[Result "1/2-1/2"]
[Round "4"]
[TimeControl "180+1"]
[Date "2023.08.08"]
[WhiteClock "0:00:07"]
[BlackClock "0:00:16"]
[Board "118"]

1. e4 d6 2. d4 Nf6 3. Nc3 e5 4. dxe5 dxe5 5. Qxd8+ Kxd8 6. Bc4 Be6 7. Bxe6 fxe6 8. Bd2 Nc6 9. f3 Bd6 10. Nge2 Ke7 11. O-O-O Rhb8 12. Nb5 a6 13. Nxd6 cxd6 14. Bg5 b5 15. f4 h6 16. Bxf6+ gxf6 17. Rd2 exf4 18. Nxf4 Ne5 19. b3 Rg8 20. g3 Rac8 21. Rhd1 Rc6 22. Nd3 Nxd3+ 23. Rxd3 b4 24. Rf3 Rgc8 25. Rd2 Rc3 26. Rdf2 Rxf3 27. Rxf3 a5 28. Rf4 Rg8 29. Rh4 Rg6 30. Rh5 e5 31. Kd2 Ke6 32. c3 d5 33. exd5+ Kxd5 34. cxb4 axb4 35. Kd3 f5 36. Rxf5 Ra6 37. Rf8 Rxa2 38. Rd8+ Ke6 39. h4 Kf5 40. Rg8 Rb2 41. Kc4 e4 42. Kxb4 e3 43. g4+ Kf4 44. g5 e2 45. Re8 hxg5 46. hxg5 Kxg5 47. Kc3 Ra2 48. b4 Kf4 49. Kc4 Kf3 50. b5 Ra3 51. Rxe2 Kxe2 52. b6 Ra1 53. Kc5 Kd3 54. Kc6 Rc1+ 55. Kd7 Rb1 56. Kc7 Kc4 57. b7 Kc5 58. b8=Q Rxb8 59. Kxb8 1/2-1/2


[Site "https://www.chess.com"]

[Event "Titled Tuesday Blitz August 08 Late 2023"]
[White "ATM622"]
[Black "Ortmann, David"]
[BlackFideId "4651588"]
[WhiteElo "2504"]
[BlackElo "2363"]
[Result "1-0"]
[Round "4"]
[TimeControl "180+1"]
[Date "2023.08.08"]
[WhiteClock "0:00:26"]
[BlackClock "0:00:04"]
[Board "119"]

1. d4 d5 2. c4 c6 3. Nf3 Nf6 4. Nbd2 Bf5 5. Nh4 Be4 6. e3 e6 7. Be2 Nbd7 8. O-O Be7 9. f3 Bg6 10. Nxg6 hxg6 11. e4 e5 12. exd5 cxd5 13. cxd5 Nxd5 14. Qb3 N7b6 15. Bb5+ Kf8 16. Ne4 exd4 17. Rd1 f5 18. Nf2 Bc5 19. Nd3 Bd6 20. g3 Rxh2 21. f4 Re2 22. Ne5 Ke7 23. Bxe2 Kf6 24. Bf3 Bc5 25. Nd3 Be7 26. Re1 Qh8 27. Bxd5 Qh3 28. Re6+ Kf7 29. Ne5+ Kf8 30. Nxg6+ Ke8 31. Rxe7+ Kd8 32. Bg2 Qh5 33. Qg8# 1-0


[Site "https://www.chess.com"]

[Event "Titled Tuesday Blitz August 08 Late 2023"]
[White "K2JW"]
[Black "Ibadov, Dashgyn"]
[BlackFideId "24107514"]
[WhiteElo "2364"]
[BlackElo "2503"]
[Result "0-1"]
[Round "4"]
[TimeControl "180+1"]
[Date "2023.08.08"]
[WhiteClock "0:01:49"]
[BlackClock "0:02:02"]
[Board "120"]

1. e4 e5 2. Nc3 Nf6 3. g3 d5 4. exd5 c6 5. dxc6 Nxc6 6. Bg2 Bg4 7. Nge2 Nd4 8. h3 Bf3 9. O-O Qd7 10. d3 Bb4 11. Bxf3 Nxf3+ 12. Kg2 Qc6 13. Ne4 Nxe4 14. dxe4 Qxe4 15. Qd3 Nh4+ 0-1


[Site "https://www.chess.com"]

[Event "Titled Tuesday Blitz August 08 Late 2023"]
[White "Kostiukov, Alexandr"]
[Black "Yu, Jennifer"]
[WhiteFideId "14108100"]
[BlackFideId "2078341"]
[WhiteElo "2363"]
[BlackElo "2501"]
[Result "0-1"]
[Round "4"]
[TimeControl "180+1"]
[Date "2023.08.08"]
[WhiteClock "0:00:00"]
[BlackClock "0:00:07"]
[Board "121"]

1. g3 d5 2. Bg2 g6 3. d3 Bg7 4. e4 d4 5. f4 Nc6 6. Nf3 e5 7. O-O Nge7 8. a4 O-O 9. Na3 f5 10. exf5 Bxf5 11. fxe5 Nxe5 12. Nxe5 Bxe5 13. Bxb7 Rb8 14. Bg2 Nd5 15. Nc4 Bg7 16. g4 Be6 17. Rxf8+ Qxf8 18. Qf3 Qe7 19. Bd2 Rf8 20. Qe4 Nf6 21. Qe2 Nxg4 22. Re1 Re8 23. Bd5 Ne3 24. Bxe6+ Qxe6 25. Nxe3 dxe3 26. Qxe3 Qxe3+ 27. Bxe3 Bxb2 28. Kf2 Bc3 29. Rb1 a5 30. Rb7 Re7 31. d4 Rd7 32. Rb5 Kf7 33. d5 Kf6 34. Kf3 Ke5 35. Bf4+ Kf5 36. Rc5 Be5 37. Bd2 Bd6 38. Rxa5 Rf7 39. c4 Bxh2 40. Rc5 Ke5+ 41. Ke3 Bg1+ 42. Ke2 Bxc5 0-1


[Site "https://www.chess.com"]

[Event "Titled Tuesday Blitz August 08 Late 2023"]
[White "Michalczak, Thomas"]
[Black "Polaczek, Richard"]
[WhiteFideId "4622634"]
[BlackFideId "200026"]
[WhiteElo "2500"]
[BlackElo "2363"]
[Result "1/2-1/2"]
[Round "4"]
[TimeControl "180+1"]
[Date "2023.08.08"]
[WhiteClock "0:01:21"]
[BlackClock "0:01:45"]
[Board "122"]

1. e4 Nf6 2. e5 Nd5 3. d4 d6 4. Nf3 g6 5. Bc4 Nb6 6. Bb3 Bg7 7. a4 a5 8. Qe2 O-O 9. h3 dxe5 10. dxe5 Na6 11. Be3 Nd5 12. Nc3 Nxe3 13. Qxe3 e6 14. Rd1 Qe7 15. Ne4 b6 16. O-O Bb7 17. Rfe1 Nc5 18. Nxc5 Qxc5 19. Qxc5 bxc5 20. Rd7 Bxf3 21. gxf3 Ra7 22. f4 Rb8 23. Red1 Bh6 24. Rd8+ Rxd8 25. Rxd8+ Kg7 26. Rd7 Kg8 27. Rd8+ Kg7 28. Rd7 Kg8 29. Rd8+ 1/2-1/2


[Site "https://www.chess.com"]

[Event "Titled Tuesday Blitz August 08 Late 2023"]
[White "Real_taiatai"]
[Black "Kubicka, Anna"]
[BlackFideId "1152254"]
[WhiteElo "2360"]
[BlackElo "2500"]
[Result "1-0"]
[Round "4"]
[TimeControl "180+1"]
[Date "2023.08.08"]
[WhiteClock "0:00:10"]
[BlackClock "0:00:00"]
[Board "123"]

1. d4 Nf6 2. Nf3 c5 3. d5 e6 4. c4 exd5 5. cxd5 d6 6. Nc3 g6 7. h3 Bg7 8. e4 O-O 9. Be2 a6 10. a4 Re8 11. Nd2 Nbd7 12. O-O Rb8 13. Qc2 b6 14. Nc4 Ne5 15. Nxe5 Rxe5 16. f4 Re8 17. e5 dxe5 18. fxe5 Rxe5 19. Bf4 Nxd5 20. Rad1 Bf5 21. Qb3 Nxc3 22. Rxd8+ Rxd8 23. Bxa6 Ne2+ 24. Bxe2 Rxe2 25. Qxb6 Bd4+ 26. Kh1 Rde8 27. b4 Be4 28. Rg1 Bxg1 29. Kxg1 Rxg2+ 30. Kf1 Rb2 31. Be5 Rxb4 32. Qf6 Rxe5 33. Qxe5 Bd3+ 34. Kf2 c4 35. Qe8+ Kg7 36. Qe5+ Kg8 37. a5 Rb3 38. a6 c3 39. a7 Rb2+ 40. Ke3 Re2+ 41. Kxd3 Rxe5 42. a8=Q+ Kg7 43. Qa4 f6 44. Qd7+ Kh6 45. Qg4 Kg7 46. Kxc3 h5 47. Qd7+ Kh6 48. Kd4 Kg5 49. Qd6 1-0


[Site "https://www.chess.com"]

[Event "Titled Tuesday Blitz August 08 Late 2023"]
[White "Andrews, Todd"]
[Black "Olivares Olivares, Claudio"]
[WhiteFideId "2012456"]
[BlackFideId "3400786"]
[WhiteElo "2359"]
[BlackElo "2498"]
[Result "1-0"]
[Round "4"]
[TimeControl "180+1"]
[Date "2023.08.08"]
[WhiteClock "0:00:31"]
[BlackClock "0:00:00"]
[Board "124"]

1. e4 c5 2. Nf3 d6 3. d4 cxd4 4. Nxd4 Nf6 5. Nc3 a6 6. Bc4 e6 7. Bb3 Nbd7 8. Qe2 Nc5 9. g4 Be7 10. g5 Nfd7 11. h4 b5 12. Be3 Bb7 13. f3 Qa5 14. Qd2 b4 15. Nce2 Nxb3 16. Nxb3 Qa4 17. a3 d5 18. axb4 Qxb4 19. Qxb4 Bxb4+ 20. c3 Bd6 21. O-O-O Ke7 22. Na5 Rab8 23. Nxb7 Rxb7 24. exd5 Rhb8 25. dxe6 fxe6 26. Nd4 Rc8 27. Rhe1 Bg3 28. Re2 Kf7 29. h5 Nb6 30. Nxe6 Nc4 31. Rd4 Nxe3 32. Rxe3 Bf2 33. Rf4+ Kg8 34. Re2 Bg3 35. Rd4 Re7 36. Kc2 Kf7 37. Rde4 Bd6 38. g6+ hxg6 39. Ng5+ Kf6 40. Nh7+ Kf7 41. hxg6+ Ke8 42. Rxe7+ Bxe7 43. Ng5 Kd7 44. Ne6 Rc6 45. Nxg7 Rxg6 46. Nf5 Bf6 47. Kd3 Rg5 48. Ne3 Rb5 49. b4 a5 50. Kc4 Rh5 51. Nd5 Bd8 52. bxa5 Bxa5 53. Re7+ Kd6 54. Ra7 Rxd5 55. Ra6+ Ke5 56. f4+ Ke4 57. Re6+ Kxf4 58. Kxd5 Bxc3 59. Re4+ Kf3 60. Rc4 Bd2 61. Rc2 Be3 62. Ke5 Bf2 63. Rc3+ Kg2 64. Ke4 Kh1 65. Kf3 Bg1 66. Kg3 Ba7 67. Rc7 Bb6 68. Rh7+ Kg1 69. Rb7 1-0


[Site "https://www.chess.com"]

[Event "Titled Tuesday Blitz August 08 Late 2023"]
[White "Pavlidou, Ekaterini"]
[Black "Remolar Gallen, Jose"]
[WhiteFideId "4213262"]
[BlackFideId "2215187"]
[WhiteElo "2357"]
[BlackElo "2495"]
[Result "0-1"]
[Round "4"]
[TimeControl "180+1"]
[Date "2023.08.08"]
[WhiteClock "0:01:05"]
[BlackClock "0:01:23"]
[Board "125"]

1. d4 Nf6 2. c4 g6 3. Nc3 d5 4. Bg5 Bg7 5. Nf3 O-O 6. h4 c5 7. Bxf6 exf6 8. cxd5 f5 9. dxc5 Na6 10. h5 Nxc5 11. e3 Qb6 12. Qd2 f4 13. Ng5 fxe3 14. fxe3 Bf5 15. Be2 Rfe8 16. Kf2 h6 17. g4 hxg5 18. gxf5 Bxc3 19. Qc1 Ne4+ 0-1


[Site "https://www.chess.com"]

[Event "Titled Tuesday Blitz August 08 Late 2023"]
[White "Mickiewicz, Piotr"]
[Black "Carrasco Miranda, Andres"]
[WhiteFideId "1114891"]
[BlackFideId "3405990"]
[WhiteElo "2495"]
[BlackElo "2347"]
[Result "1/2-1/2"]
[Round "4"]
[TimeControl "180+1"]
[Date "2023.08.08"]
[WhiteClock "0:00:04"]
[BlackClock "0:00:04"]
[Board "126"]

1. Nf3 Nf6 2. c4 g6 3. g3 Bg7 4. Bg2 O-O 5. O-O d6 6. Nc3 Nc6 7. d4 Bf5 8. Nh4 Bd7 9. b3 e5 10. d5 Nd4 11. e3 Nf5 12. Nxf5 Bxf5 13. e4 Bg4 14. f3 Bd7 15. Be3 Ne8 16. c5 f5 17. Bf2 Bh6 18. Qd3 Qg5 19. c6 bxc6 20. dxc6 Be6 21. Nd5 Rf7 22. h4 Qh5 23. Qc4 Kh8 24. Rae1 Nf6 25. Qd3 Re8 26. Bxa7 Bxd5 27. exd5 e4 28. Qc3 Bg7 29. Qc4 f4 30. fxe4 fxg3 31. e5 dxe5 32. d6 Ng4 33. Qxf7 Rf8 34. Qxf8+ Bxf8 35. Rxf8+ Kg7 36. dxc7 Qxh4 37. c8=Q Qh2+ 38. Kf1 Qh5 39. Rg8+ Kh6 40. Qf8+ Kg5 41. Rxe5+ Nxe5 42. Be3+ Kh4 43. Qe7+ Kg4 44. Qe6+ Qf5+ 45. Qxf5+ Kxf5 46. Rf8+ Kg4 47. c7 g5 48. c8=Q+ Kh4 49. Qd8 h6 50. Qf6 Ng4 51. Qd4 h5 52. Rh8 1/2-1/2


[Site "https://www.chess.com"]